 Dungeon Crawl Stone Soup version 0.31-a0-574-g69dc8cc98e (webtiles) character file.

Game seed: 17978359813025134975

849 Hubris850 the Changeling (level 7, -2/52 HPs)
             Began as a Black Draconian Shapeshifter on Aug 18, 2023.
             Was an Initiate of Makhleb.
             Splashed by a jelly's acid (5 damage)
             ... on level 5 of the Dungeon.
             The game lasted 00:09:24 (4202 turns).

Hubris850 the Changeling (DrSh)                     Turns: 4202, Time: 00:09:25

Health: -2/52      AC: -2    Str: 24    XL:     7   Next: 69%
Magic:  7/7        EV: 17    Int: 10    God:    Makhleb [......]
Gold:   192        SH:  0    Dex: 11    Spells: 6/6 levels left

rFire   . .          .
                       - Unarmed
rCold   . . .        (shield currently unavailable)
rNeg    . . .        (body armour unavailable)
rPois   .            (helmet restricted)
rElec   +            (no cloak)
rCorr   .            (no gloves)
SInv    .            (no boots)
Will    .....        h - amulet of the acrobat
Stlth   +            n - +6 ring of strength
HPRegen 0.28/turn    p - +5 ring of evasion
MPRegen 0.10/turn

%: acrobat
@: confused, flux-form, corroded, glowing
A: glow, contaminating, breathe lightning, AC +6, unfitting armour, electricity
resistance, cold-blooded
a: Breathe Lightning, Begin Untransformation, Renounce Religion


You were on level 5 of the Dungeon.
You worshipped Makhleb.
Makhleb was noncommittal.
You were something dangerously unstable.
You visited 1 branch of the dungeon, and saw 5 of its levels.

You collected 192 gold pieces.

Inventory:

Missiles
 e - 8 poisoned darts
Jewellery
 h - an amulet of the acrobat (around neck)
 m - a ring of see invisible
 n - a +6 ring of strength (left hand)
 p - a +5 ring of evasion (right hand)
Talismans
 b - a beast talisman
 c - a flux talisman (active)
Scrolls
 f - a scroll of teleportation
 l - a scroll of fear
Potions
 a - 2 potions of lignification
 d - 2 potions of curing
 g - 2 potions of cancellation
 i - a potion of heal wounds
 j - 2 potions of ambrosia
 k - a potion of brilliance
 o - a potion of haste {unknown}


   Skills:
 - Level 1.1 Fighting
 - Level 1.7 Dodging
 + Level 5.0 Unarmed Combat
 + Level 7.2 Shapeshifting


You had 6 spell levels left.
You didn't know any spells.
Your spell library was empty.

Dungeon Overview and Level Annotations

Branches:
Dungeon (5/15)             Temple (0/1) D:4

Altars:
Ashenzari
Makhleb
Ru

Shops:
D:5 =


Innate Abilities, Weirdness & Mutations

You are something dangerously unstable.
You glow with magical radiation, making you easy to see and hit.
Foes you strike become dangerously contaminated with magical radiation.
You are incapable of wielding weapons or throwing items.
You can breathe wild blasts of lightning.
Your glossy black scales are hard. (AC +6)
You cannot fit into any form of body armour.
You are resistant to electric shocks. (rElec)
You are cold-blooded and may be slowed by cold attacks.


Message History

Makhleb accepts your kill.
You hit the orc.
The orc begins to glow.
The orc is lightly wounded.
The orc hits you with a +1 heavy flail!
You hit the orc.
The orc glows dangerously bright.
The orc is almost dead.
Something hits you but does no damage.
You barely miss the orc.
The orc is almost dead.
The orc barely misses you. Something hits you but does no damage.
You closely miss something.
Your tail-slap misses something.
The orc hits you but does no damage. Something barely misses you.
You barely miss something. Something hits you.
You barely miss something. The orc barely misses you.
You hit the jelly.
The jelly begins to glow.
The acid corrodes you!
Your hands burn!
The jelly is lightly wounded.
Something hits you. The jelly misses you.
You hit the jelly but do no damage.
The jelly glows dangerously bright.
The acid corrodes you!
Your hands burn!
The jelly is lightly wounded.
The orc completely misses you. Something hits you.
The jelly closely misses you.
You hit the jelly but do no damage.
The jelly shudders as magic cascades through it!
The jelly twists and deforms.
Your hands burn!
The jelly is severely wounded.
You hear some strange, mumbled words.
You are confused.
The jelly misses you. The orc hits you with a +1 heavy flail!
You bump into the rock wall.
You have got your breath back.
Something hits you.
* * * LOW HITPOINT WARNING * * *
The jelly hits you.
* * * LOW HITPOINT WARNING * * *
You are splashed with acid!
* * * LOW HITPOINT WARNING * * *
You hit the jelly but do no damage.
The jelly begins to glow.
Your hands burn!
You die...

.......##.###)..###
...##.......#......#
...##.......#......#
....#...##..#......# .##
#...#....#..#......<
....#...........##.#....
.....###................
#..{#.##..........##.
##..oB$#..............
#....J.....#...........
#...........##..........
.........#...#......#..>
....##..............#...
..## #..?...#.#.......#.
.....###........##.......###
......#...#####...........##
.........# #......^.....


You could see a jelly (contam, misshapen) and an orc (contam).

Vanquished Creatures
  Sigmund (D:4)
  Eustachio (D:4)
  An ogre (D:5)
  A phantom (D:5)
  A scorpion (D:4)
  A jelly (D:5)
  2 hounds (D:4)
  4 iguanas
  An orc wizard (D:5)
  3 adders
  2 worms
  2 dart slugs (D:2)
  10 orcs
  4 bats
  4 endoplasms
  4 giant cockroaches
  3 goblins (D:1)
  3 hobgoblins
  A quokka (D:2)
  6 ball pythons
  5 frilled lizards
  9 kobolds
  14 rats
83 creatures vanquished.

Notes
Turn   | Place    | Note
-------+----------+-------------------------------------------
     0 | D:1      | Hubris850 the Draconian Shapeshifter began the quest for
                  | the Orb.
     0 | D:1      | Reached XP level 1. HP: 16/16 MP: 1/1
   194 | D:1      | Reached XP level 2. HP: 23/23 MP: 2/2
   965 | D:2      | Reached XP level 3. HP: 23/28 MP: 3/3
  1040 | D:2      | HP: 1/28 [hobgoblin/+0 trident (7)]
  1187 | D:2      | Found a broken altar of Ashenzari.
  1793 | D:3      | Reached XP level 4. HP: 26/35 MP: 4/4
  2935 | D:4      | Noticed Sigmund
  2945 | D:4      | Killed Sigmund
  2946 | D:4      | Reached skill level 5 in Unarmed Combat
  2946 | D:4      | Reached skill level 4 in Shapeshifting
  2946 | D:4      | Reached XP level 5. HP: 30/40 MP: 5/5
  3010 | D:4      | Reached skill level 5 in Shapeshifting
  3010 | D:4      | Reached XP level 6. HP: 47/47 MP: 6/6
  3013 | D:4      | Noticed Eustachio
  3056 | D:4      | Killed Eustachio
  3284 | D:4      | Reached skill level 6 in Shapeshifting
  3284 | D:4      | Your scales start taking on a glossy black colour.
  3284 | D:4      | Reached XP level 7. HP: 51/52 MP: 7/7
  3284 | D:4      | Gained mutation: You are resistant to electric shocks.
                  | (rElec) [Black Draconian growth]
  3369 | D:4      | Found a sacrificial altar of Ru.
  3381 | D:4      | Found a burning altar of Makhleb.
  3420 | D:4      | Became a worshipper of Makhleb the Destroyer
  3612 | D:4      | Found a staircase to the Ecumenical Temple.
  3886 | D:5      | Entered Level 5 of the Dungeon
  3886 | D:5      | Found Widask's Jewellery Emporium.
  3963 | D:5      | Reached skill level 7 in Shapeshifting
  4202 | D:5      | Splashed by a jelly's acid

Illustrated notes

Levels and vault maps discovered:
D:1:      denvon_arrival_planthouse, layout_loops_corners,
          kennysheep_decorative_pillar
D:2:      layout_rooms, basic_altar, minmay_rat_gold_closets
D:3:      layout_basic
D:4:      layout_cave_pods, grunt_temple_overflow_open,
          minmay_temple_entry_glassed_door, uniq_eustachio, uniq_sigmund
D:5:      layout_cave_pools, nicolae_stop_n_shop_2

Skill      XL: |  1  2  3  4  5  6  7 |
---------------+----------------------+-----
Unarmed Combat | 4 5 |  5.0
Shapeshifting  | 4 5 6 7 |  7.2
Fighting       | |  1.1
Dodging        | |  1.7

Action                     |  1- 3 |  4- 6 |  7- 9 || total
---------------------------+-------+-------+-------++-------
  Melee: Unarmed           |   102 |    65 |    75 ||   242
         Tailslap          |     7 |     7 |    13 ||    27
         Punch             |     3 |       |       ||     3
Ability: Breathe Lightning |       |       |     1 ||     1
         Begin Untransform |       |       |     1 ||     1
  Evoke: Wand              |       |     6 |       ||     6
    Use: Scroll            |     6 |     1 |     4 ||    11
   Stab: Sleeping          |     3 |       |     1 ||     4
         Paralysed         |       |     5 |       ||     5
 Armour: Skin              |    22 |    24 |    14 ||    60
  Dodge: Dodged            |    50 |   111 |    49 ||   210
   Form: Flux              |       |       |     1 ||     1

Table legend: (Time is in decaauts)
 A = Elapsed time spent in this place.
 B = Non-inter-level travel time spent in this place.
 C = Inter-level travel time spent in this place.
 D = Time resting spent in this place.
 E = Time spent auto-exploring this place.
 F = Levels seen in this place.
 G = Mean time per level.
                   A        B        C        D        E       F      G
               +--------+--------+--------+--------+--------+-----+--------+
         Total |   4182 |   4049 |    133 |    245 |   3202 |   5 |  836.4 |
       Dungeon |   4182 |   4049 |    133 |    245 |   3202 |   5 |  836.4 |
               +--------+--------+--------+--------+--------+-----+--------+

Top non-repeatable levels by time:
     D:3: 1148 daAuts
     D:4: 1105 daAuts
     D:1: 903 daAuts
     D:2: 715 daAuts
     D:5: 310 daAuts
